AoeStats
← TPE-床上小旋風

Arena

510266306Analyzed
4v4 RM · 2d ago on Sep 30, 2026· 37m 39s· 8 players
Game mode
Random Map
Map size
Large (8 player)
Population
200
Speed
Normal
Resources
Standard
Victory
Conquest
Starting age
Dark Age
Ending age
Imperial Age
RankedLock teamsTeams togetherTeam positionsShared explorationLock speedFull tech treeHidden civsTurbo modeCheats
Victory
Defeat
🇭🇰 Saracens · Hong Kong SAR China
1304
+13
🇷🇺 Hindustanis · Russia
1258
+15
🇳🇵 Franks · Nepal
1234
+16
🇨🇳 Britons · China
1222
+16
🇲🇽 Spanish · Mexico
1309
-18
🇨🇳 Magyars · China
1231
-15
🇳🇱 Persians · Netherlands
1219
-14
🇨🇳 Varangians · China
1180
-13
你顶住我发展
11:08 Feudal Age
16:29 Castle Age
14:57 Loom
20:54 Imperial Age
18:37 Double-Bit Axe
21:25 Bow Saw
21:08 Gold Mining
22:44 Wheelbarrow
23:16 Fletching
23:28 Horse Collar
27:43 Bodkin Arrow
27:49 Padded Archer Armor
29:15 Ballistics
30:04 Hand Cart
31:20 Bracer
32:24 Chemistry
34:14 Two-Man Saw
33:18 Heavy Plow
35:11 Leather Archer Armor
36:12 Conscription
35:44 Stone Mining
37:43 Yeomen
38:24 Ring Archer Armor
TPE-床上小旋風
10:24 Feudal Age
12:01 Double-Bit Axe
15:16 Castle Age
13:09 Gold Mining
13:07 Horse Collar
13:23 Loom
14:45 Bloodlines
15:42 Scale Barding Armor
20:29 Husbandry
22:06 Forging
22:08 Stone Mining
24:02 Wheelbarrow
24:34 Bow Saw
25:38 Chain Barding Armor
26:50 Iron Casting
30:18 Wheelbarrow
31:03 Gold Shaft Mining
34:38 Hand Cart
37:45 Imperial Age
GemGem27
11:08 Feudal Age
13:07 Double-Bit Axe
15:50 Castle Age
14:12 Gold Mining
18:18 Scale Barding Armor
24:56 Chain Barding Armor
25:17 Forging
29:13 Iron Casting
29:50 Husbandry
34:12 Imperial Age
31:28 Loom
32:18 Wheelbarrow
31:28 Town Watch
35:38 Plate Barding Armor
36:14 Chemistry
34:39 Cavalier
35:29 Light Cavalry
37:01 Gold Shaft Mining
38:38 Blast Furnace
37:35 Fletching
38:17 Conscription
50232516
10:41 Feudal Age
8:57 Loom
15:24 Castle Age
29:40 Scale Barding Armor
30:44 Gold Mining
32:05 Forging
38:09 Wheelbarrow
微辣十三香
10:50 Feudal Age
11:06 Loom
14:46 Castle Age
12:39 Double-Bit Axe
13:11 Forging
13:39 Scale Mail Armor
13:31 Horse Collar
18:27 Wheelbarrow
18:26 Scale Mail Armor
18:49 Squires
22:29 Heavy Plow
23:41 Bow Saw
24:33 Hand Cart
24:21 Arson
26:41 Town Watch
王炸炸
9:44 Loom
11:42 Feudal Age
12:22 Loom
14:16 Double-Bit Axe
17:09 Castle Age
15:00 Horse Collar
15:15 Gold Mining
15:23 Stone Mining
20:43 Bow Saw
25:27 Bloodlines
29:59 Wheelbarrow
32:03 Imperial Age
30:16 Husbandry
30:30 Padded Archer Armor
30:21 Fletching
30:37 Scale Barding Armor
31:39 Leather Archer Armor
31:47 Ballistics
31:53 Bodkin Arrow
32:36 Corvinian Army
32:49 Scale Barding Armor
33:17 Ring Archer Armor
33:51 Chemistry
33:06 Masonry
32:44 Light Cavalry
33:33 Recurve Bow
33:54 Conscription
34:21 Bracer
34:29 Heavy Cavalry Archer
36:24 Parthian Tactics
36:09 Light Cavalry
36:59 Scale Barding Armor
37:12 Hussar
Theurarthur
10:37 Feudal Age
14:20 Castle Age
13:25 Double-Bit Axe
13:54 Horse Collar
23:37 Bloodlines
24:24 Bloodlines
25:05 Forging
26:53 Scale Barding Armor
32:11 Wheelbarrow
31:28 Loom
31:30 Town Watch
32:15 Bow Saw
32:07 Heavy Plow
32:11 Gold Mining
32:16 Stone Mining
34:26 Fletching
Naco y Estúpido
9:03 Feudal Age
7:19 Loom
11:24 Fletching
15:08 Double-Bit Axe
16:16 Horse Collar
29:15 Castle Age
32:43 Padded Archer Armor
32:51 Heavy Plow
33:40 Leather Archer Armor
Connection lost

Rejoining the realm…

Still unreachable

The connection could not be restored.

Session expired

The server has moved on; the page needs a fresh start.